 Dungeon Crawl Stone Soup version 0.21-a0-504-g2eda330 (webtiles) character file.

4935 Gildeon the Cleaver (level 10, -2/93 HPs)
             Began as a Minotaur Fighter on Nov 25, 2017.
             Was an Elder of Okawaru.
             Slain by an anaconda (3 damage)
             ... on level 9 of the Dungeon.
             The game lasted 00:46:06 (8865 turns).

Gildeon the Cleaver (Minotaur Fighter)              Turns: 8865, Time: 00:46:07

Health: -2/93      AC: 15    Str: 26    XL:     10   Next: 27%
Magic:  9/9        EV:  5    Int:  7    God:    Okawaru [****..]
Gold:   386        SH: 11    Dex: 11    Spells: 8/9 levels left

rFire    . . .     SeeInvis .   a - +2 war axe
rCold    . . .     Gourm    .   c - +0 shield
rNeg     . . .     Faith    .   t - +1 plate armour
rPois    .         Spirit   .   F - +1 hat
rElec    .         Reflect  .   D - scarf {repulsion}
rCorr    .         Harm     +   (no gloves)
MR       .....                  (no boots)
Stlth    ..........             y - amulet of harm
HPRegen  0.25/turn              l - ring of wizardry
MPRegen  0.11/turn              x - ring of stealth

@: mighty, hasted, constricted, repel missiles, very quick
A: retaliatory headbutt, horns 2
a: Heroism, Renounce Religion


You were on level 9 of the Dungeon.
You worshipped Okawaru.
Okawaru was greatly pleased with you.
You were not hungry.

You visited 2 branches of the dungeon, and saw 10 of its levels.
You also visited: Sewer.

You collected 386 gold pieces.

Inventory:

Hand Weapons
 a - a +2 war axe (weapon)
 I - a +1 mace of draining
Armour
 c - a +0 shield (worn)
 t - a +1 plate armour (worn)
 D - a scarf of repulsion (worn)
 F - a +1 hat (worn)
Magical Staves
 v - an uncursed staff of earth
Jewellery
 l - a ring of wizardry (left hand)
 x - a ring of stealth (right hand)
 y - an amulet of harm (around neck)
Wands
 s - a wand of polymorph (2)
 B - a wand of digging (9)
Scrolls
 n - 4 scrolls of fear
 q - 5 scrolls of remove curse
 z - a scroll of teleportation
 E - 4 scrolls of blinking
Potions
 e - 5 potions of flight
 g - a potion of cancellation
 h - 2 potions of agility
 j - 2 potions of magic
 k - 3 potions of heal wounds {unknown}
 m - 2 potions of lignification {unknown}
 p - a potion of brilliance {unknown}
 r - a potion of degeneration {unknown}
 u - 3 potions of resistance {unknown}
 w - a potion of mutation {unknown}
Books
 f - a book of Changes

   Spells                             Type                      Level
   a - Beastly Appendage              Transmutation                1
   b - Sticks to Snakes               Transmutation                2
   c - Spider Form                    Transmutation/Poison         3
   d - Ice Form                       Ice/Transmutation            4
   e - Blade Hands                    Transmutation                5
 H - a book of Callings

   Spells                             Type                      Level
   a - Summon Small Mammal            Summoning                    1
   b - Call Imp                       Summoning                    2
   c - Call Canine Familiar           Summoning                    3
   d - Summon Guardian Golem          Hexes/Summoning              3
   e - Summon Lightning Spire         Summoning/Air                4
   f - Summon Ice Beast               Ice/Summoning                4
Comestibles
 b - 7 royal jellies
 i - 7 meat rations
 o - 18 fruits
 A - 8 bread rations


   Skills:
 - Level 10.0 Fighting
 - Level 10.9 Axes
 + Level 8.1 Armour
 - Level 5.5 Dodging
 - Level 7.0 Shields


You had 8 spell levels left.
You knew the following spells:

 Your Spells              Type           Power        Failure   Level  Hunger
a - Beastly Appendage     Tmut           #.....       99%         1    ##.....


Dungeon Overview and Level Annotations

Branches:
Dungeon (9/15)             Temple (1/1) D:4
   Lair: D:8-11         Orc: D:9-12

Altars:
Cheibriados
Dithmenos
Elyvilon
Fedhas
Hepliaklqana
Kikubaaqudgha
Makhleb
Nemelex Xobeh
Okawaru
Qazlal
Ru
Sif Muna
Trog
Uskayaw
Xom
Zin
The Shining One


Innate Abilities, Weirdness & Mutations

You reflexively headbutt those who attack you in melee.
You have a pair of horns on your head.


Message History

The crimson imp hits you but does no damage.
You feel yourself speed up. The anaconda bites you.
* * * LOW HITPOINT WARNING * * *
The anaconda constricts you.
The anaconda bites you but does no damage.
The anaconda constricts you.
The crimson imp hits you but does no damage.
You hit the anaconda. Your headbutt misses the anaconda.
The anaconda is heavily wounded.
You slash the crimson imp!
You kill the crimson imp!
Okawaru accepts your kill. The anaconda bites you!
* * * LOW HITPOINT WARNING * * *
x2 The anaconda constricts you.
You miss the anaconda. Your headbutt misses the anaconda.
The anaconda is heavily wounded.
The anaconda bites you!
* * * LOW HITPOINT WARNING * * *
You die...

#. ######. #'######
#..#.†. (......#
#..#... .(.....#
######.....# ..$....#
#..#.......# .....).#
#..#.....###
.......#####.....#..#..
#$S.#.......#..#..
#@..#.....########
#......#).# #
##.#...#..# #
#...###### # ##### # #
#.##### #...... ######


You could see an anaconda.

Vanquished Creatures
  A two-headed ogre (D:9)
  Pikel (D:6)
  A queen bee (D:8)
  Eustachio (D:4)
  Menkaure (D:4)
  Duvessa (D:5)
  2 orc warriors
  2 black bears
  5 ogres
  A slave (D:6)
  A big kobold (Sewer)
  2 bullfrogs
  A wyvern zombie (D:8)
  A scorpion (D:6)
  A wyvern skeleton (D:7)
  19 killer bees
  A howler monkey (D:6)
  3 crimson imps
  A quasit (D:8)
  2 bullfrog zombies
  2 hounds
  4 jellies
  5 orc priests
  Crazy Yiuf (D:6)
  4 orc wizards (D:7)
  A bullfrog skeleton (D:8)
  An iguana (D:8)
  Natasha (thrice) (D:3)
  6 worker ants
  A hound zombie (D:6)
  2 worker ant zombies (D:7)
  8 adders
  3 river rats (Sewer)
  2 shadow imps
  2 oozes
  An adder zombie (D:7)
  4 worms
  2 dart slugs
  9 leopard geckos
  28 orcs
  2 ball pythons
  8 bats
  10 giant cockroaches
  8 goblins
  A hobgoblin (D:2)
  8 jackals
  13 kobolds
  6 quokkas
  5 frilled lizards
  A jackal skeleton (D:5)
  A quokka skeleton (D:8)
  2 quokka zombies (D:5)
  9 rats
  A plant (D:7)
212 creatures vanquished.

Vanquished Creatures (others)
  A crimson imp (D:6)
1 creature vanquished.

Grand Total: 213 creatures vanquished

Notes
Turn   | Place    | Note
-------+----------+-------------------------------------------
     0 | D:1      | Gildeon the Minotaur Fighter began the quest for the Orb.
     0 | D:1      | Reached XP level 1. HP: 19/19 MP: 0/0
   204 | D:1      | Reached XP level 2. HP: 23/26 MP: 1/1
   610 | D:1      | Reached XP level 3. HP: 31/31 MP: 2/2
   779 | D:2      | Found a sparkling altar of Nemelex Xobeh.
  1163 | D:2      | Reached skill level 5 in Axes
  1379 | D:3      | Noticed Natasha
  1386 | D:3      | Reached XP level 4. HP: 24/39 MP: 3/3
  1387 | D:3      | Killed Natasha
  1585 | D:3      | Noticed Natasha
  1588 | D:3      | Killed Natasha
  1680 | D:3      | Reached XP level 5. HP: 45/45 MP: 4/4
  1713 | D:3      | Noticed Natasha
  1718 | D:3      | Killed Natasha
  1924 | D:3      | Found a glowing drain.
  1958 | Sewer    | Entered a sewer
  2041 | Sewer    | Reached XP level 6. HP: 50/51 MP: 5/5
  2187 | Sewer    | Found a glowing silver altar of Zin.
  2348 | D:4      | Found a stormy altar of Qazlal.
  2348 | D:4      | Found a hide-covered altar of Uskayaw.
  2348 | D:4      | Found a hazy altar of Hepliaklqana.
  2457 | D:4      | Found a staircase to the Ecumenical Temple.
  2492 | Temple   | Entered the Ecumenical Temple
  2554 | Temple   | Became a worshipper of Warmaster Okawaru
  2737 | D:4      | Noticed Menkaure
  2746 | D:4      | Killed Menkaure
  3049 | D:4      | Noticed Eustachio
  3087 | D:4      | Killed Eustachio
  3087 | D:4      | Reached * piety under Okawaru
  3087 | D:4      | Reached XP level 7. HP: 49/57 MP: 6/6
  3468 | D:5      | Entered Level 5 of the Dungeon
  3480 | D:5      | Reached skill level 10 in Axes
  3558 | D:5      | Noticed Dowan
  3560 | D:5      | Noticed Dowan
  3560 | D:5      | Dowan changed into Dowan the jelly
  3561 | D:5      | Noticed Duvessa
  3568 | D:5      | Killed Dowan the jelly
  3572 | D:5      | Killed Duvessa
  4020 | D:5      | Reached XP level 8. HP: 66/66 MP: 7/7
  4644 | D:6      | Reached skill level 5 in Fighting
  4714 | D:6      | Found a blossoming altar of Fedhas.
  4775 | D:6      | Found a runed door.
  4779 | D:6      | Noticed Crazy Yiuf
  4786 | D:6      | Killed Crazy Yiuf
  4867 | D:6      | Found a shadowy altar of Dithmenos.
  5085 | D:6      | Reached ** piety under Okawaru
  5085 | D:6      | Reached skill level 5 in Armour
  5143 | D:6      | Noticed Pikel
  5156 | D:6      | Killed Pikel
  5773 | D:6      | Reached XP level 9. HP: 37/78 MP: 8/8
  6130 | D:7      | Reached *** piety under Okawaru
  6550 | D:7      | Identified a scroll of acquirement
  6599 | D:7      | Found a white marble altar of Elyvilon.
  6679 | D:7      | Found a glowing silver altar of Zin.
  6722 | D:7      | Found a deep blue altar of Sif Muna.
  7029 | D:8      | Noticed a queen bee
  7310 | D:8      | Reached skill level 10 in Fighting
  7330 | D:8      | Reached skill level 1 in Dodging
  7788 | D:8      | Reached **** piety under Okawaru
  7956 | D:8      | Received a gift from Okawaru
  8119 | D:8      | Killed a queen bee
  8119 | D:8      | Reached skill level 5 in Dodging
  8119 | D:8      | Reached XP level 10. HP: 74/93 MP: 9/9
  8508 | D:9      | Found a shimmering altar of Xom.
  8587 | D:9      | Learned a level 1 spell: Beastly Appendage
  8604 | D:9      | Found an ancient bone altar of Kikubaaqudgha.
  8844 | D:9      | Noticed a two-headed ogre
  8848 | D:9      | Noticed a two-headed ogre
  8852 | D:9      | Noticed an anaconda
  8852 | D:9      | a two-headed ogre changed into an anaconda
  8855 | D:9      | Killed a two-headed ogre
  8865 | D:9      | HP: 1/93 [anaconda (15)]
  8865 | D:9      | Slain by an anaconda

Vault maps used:
D:1:      minmay_arrival_jagged
D:2:      nemelex_spade_bored_becter
D:3:      portal_sewer_entry_f, uniq_natasha
D:4:      grunt_temple_overflow_open, minmay_temple_entry_purple_smoke,
          first_bread, minmay_surrounded, uniq_menkaure, uniq_eustachio
D:5:      serial_column_ruins, column_ruins_hut_ruined, column_ruins_hut_ruined,
          column_ruins_grid_1, column_ruins_open_tiny, column_ruins_open_tiny,
          minmay_bent, uniq_duvessa
D:6:      fedhas_altar_fruit_tree, grunt_dithmenos_smoke_and_mirrors,
          uniq_pikel, uniq_crazy_yiuf_cottage
D:7:      old_standard_altar, zin_statuary, elyvilon_altar_1
D:8:      david_nohive_1
D:9:      overflow_temple_1_default, basic_altar, kennysheep_another_room,
          hangedman_decor_push
Temple:   nicolae_temple_figure_eight
Sewer:    sewer_kobolds

Skill      XL: |  1  2  3  4  5  6  7  8  9 10 |
---------------+-------------------------------+-----
Axes           | 3 4 5 6 7 9 10 | 10.9
Fighting       | 4 6 10 | 10.0
Armour         | 5 8 |  8.1
Shields        | 7 |  7.0
Dodging        | 5 |  5.5

Action                   |  1- 3 |  4- 6 |  7- 9 | 10-12 || total
-------------------------+-------+-------+-------+-------++-------
Melee: War axe           |    83 |   133 |   346 |    34 ||   596
       Headbutt          |    10 |    17 |    53 |     6 ||    86
Throw: Tomahawk          |       |    11 |    21 |       ||    32
       Javelin           |       |       |       |     9 ||     9
       Throwing net      |       |       |       |     2 ||     2
Evoke: Wand              |       |       |     4 |     4 ||     8
  Use: Scroll            |     6 |       |    13 |     2 ||    21
       Potion            |       |     1 |     7 |     3 ||    11
  Eat: Chunk             |     2 |     1 |     6 |       ||     9
       Bread ration      |       |     1 |       |       ||     1
       Meat ration       |       |       |     2 |       ||     2
       Royal jelly       |       |       |       |     1 ||     1
Armor: Scale mail        |    28 |       |       |       ||    28
       Chain mail        |     9 |    35 |       |       ||    44
       Plate armour      |       |    46 |   219 |    17 ||   282
Dodge: Dodged            |    23 |    24 |    62 |    15 ||   124
Block: Shield            |    48 |    82 |   196 |    19 ||   345

Table legend:
 A = Spawn XP
 B = Non-spawn XP
 C = Spawn XP percentage of total XP
 D = Spawn monster count
 E = Non-spawn monster count
 F = Spawn count percentage of total count
 G = Total turns spent on level
                    A         B        C        D         E        F      G
               +---------+---------+-------+---------+---------+-------+---------
         Total |       0 |    7050 |   0.0 |       0 |     210 |   0.0 |  8865
               +---------+---------+-------+---------+---------+-------+---------
           D:1 |       0 |      43 |   0.0 |       0 |      21 |   0.0 |   739
           D:2 |       0 |      70 |   0.0 |       0 |      23 |   0.0 |   790
           D:3 |       0 |     139 |   0.0 |       0 |      21 |   0.0 |   545
           D:4 |       0 |     568 |   0.0 |       0 |      16 |   0.0 |  1042
           D:5 |       0 |     468 |   0.0 |       0 |      16 |   0.0 |  1088
           D:6 |       0 |    1898 |   0.0 |       0 |      44 |   0.0 |  1795
           D:7 |       0 |     541 |   0.0 |       0 |      16 |   0.0 |   559
           D:8 |       0 |    1786 |   0.0 |       0 |      30 |   0.0 |  1520
           D:9 |       0 |    1390 |   0.0 |       0 |      10 |   0.0 |   435
         Sewer |       0 |     147 |   0.0 |       0 |      13 |   0.0 |   274
               +---------+---------+-------+---------+---------+-------+---------
